 Dungeon Crawl Stone Soup version 0.30-a0-948-g4fa250aae5 (webtiles) character file.

Game seed: 14484764295822396644

3900 dolemite99 the Skirmisher (level 10, -14/91 HPs)
             Began as a Minotaur Hunter on Mar 27, 2023.
             Was an Initiate of Ashenzari.
             Demolished by a hornet (16 damage)
             ... on level 8 of the Dungeon.
             The game lasted 00:13:43 (9553 turns).

dolemite99 the Skirmisher (Minotaur Hunter)         Turns: 9553, Time: 00:13:43

Health: -14/91     AC:  5    Str: 16    XL:     10   Next: 0%
Magic:  9/9        EV: 17    Int:  6    God:    Ashenzari [......]
Gold:   114        SH:  0    Dex: 18    Spells: 9/9 levels left

rFire   . . .      SeeInvis .    b - +0 scimitar
rCold   . . .      Faith    .    (no shield)
rNeg    . . .      Spirit   .    c - +2 leather armour
rPois   .          Reflect  .    (helmet restricted)
rElec   .          Rampage  .    (no cloak)
rCorr   .                        (no gloves)
Will    .....                    (no boots)
Stlth   ++                       l - amulet of Ashenzari's Gloom {Regen+, Range, Fort} (curse)
HPRegen 1.15/turn                (no ring)
MPRegen 0.11/turn                (no ring)

@: slowed, very slow
A: horns 2, retaliatory headbutt
a: Renounce Religion, Curse Item, Shatter the Chains


You were on level 8 of the Dungeon.
You worshipped Ashenzari.
Ashenzari was noncommittal.
You visited 2 branches of the dungeon, and saw 9 of its levels.
You also visited: Sewer and Bailey.

You collected 520 gold pieces.
You spent 406 gold pieces at shops.

Inventory:

Hand Weapons
 a - a +0 arbalest
 b - a +0 scimitar (weapon)
 k - a +1 broad axe of freezing
 p - a +0 long sword
 s - a +1 dagger of draining
 z - a +3 great sword
 B - a +1 falchion
 F - a +2 falchion of flaming
 G - a +2 shortbow
Missiles
 w - 6 curare-tipped darts
Armour
 c - a +2 leather armour (worn)
 o - a +2 kite shield
 E - +0 steam dragon scales
Magical Staves
 A - a staff of air
Jewellery
 l - the cursed amulet of Ashenzari's Gloom (around neck) {Regen+, Range, Fort}
   (You found it on level 1 of the Dungeon)

   [amulet of regeneration]

   Regen:     It increases your rate of health regeneration.
   It has a curse which improves the following skills: Ranged Combat: Ranged
   Weapons and Throwing.
   Fortitude: Armour and Shields.
Wands
 C - a wand of polymorph (4)
 H - a wand of iceblast (8)
Scrolls
 i - 3 scrolls of teleportation
 j - 6 scrolls of blinking
 n - a scroll of immolation
 q - a scroll of fear
 r - 3 scrolls of identify {@r1}
 v - 2 scrolls of vulnerability
 x - a scroll of silence
 y - 2 scrolls of poison
Potions
 d - 3 potions of curing
 e - 2 potions of cancellation
 f - 3 potions of brilliance
 h - 2 potions of might
 m - 2 potions of flight
 t - 3 potions of lignification
 D - a potion of attraction


   Skills:
 - Level 9.3 Fighting
 - Level 3.6(4.4) Short Blades
 - Level 4.0(4.9) Long Blades
 - Level 9.7(10.1) Ranged Weapons
 + Level 9.0 Dodging
 - Level 0.7 Stealth


You had 9 spell levels left.
You didn't know any spells.
Your spell library contained the following spells:

 Spells                   Type           Power      Damage    Failure   Level
 Freeze                   Ice            0%         1d3       52%         1
 Frozen Ramparts          Ice            0%         1d1       88%         3
 Hailstorm                Conj/Ice       0%         3d3       88%         3
 Portal Projectile        Hex/Tloc       0%         N/A       88%         3
 Tukima's Dance           Hex            0%         N/A       88%         3
 Olgreb's Toxic Radiance  Pois           0%         N/A       99%         4
 Blade Hands              Tmut           0%         N/A       100%        5
 Ozocubu's Refrigeration  Ice            0%         4d7       100%        7
 Ignition                 Fire           0%         3d3       100%        8


Dungeon Overview and Level Annotations

Branches:
Dungeon (8/15)             Temple (1/1) D:4           Sewer (visited)
 Bailey (visited)
   Lair: D:8-11

Altars:
Ashenzari
Cheibriados
Dithmenos
Fedhas
Gozag
Hepliaklqana
Kikubaaqudgha
Makhleb
Nemelex Xobeh
Okawaru
Qazlal
Ru
Sif Muna
Trog
Uskayaw
Vehumet
Wu Jian
Xom
Yredelemnul

Shops:
D:1 (?!

Portals:
Abyss: D:3

Annotations:
D:3 2 transporters, oldplebian's ghost, amateur HOCA
D:5 exclusion: downstairs


Innate Abilities, Weirdness & Mutations

You have a pair of horns on your head.
You reflexively headbutt those who attack you in melee.


Message History

You shrug off the repeated paralysis!
The hornet stings you!
You feel as though you will be slow longer.
You can move again.
You hit the hornet.
The hornet is lightly wounded.
The hornet barely misses you. You furiously retaliate!
You headbutt the hornet!
The hornet stings you but does no damage.
The hornet closely misses you.
Unknown command.
You hit the hornet but do no damage.
You headbutt the hornet, but do no damage.
The hornet is moderately wounded.
The hornet closely misses you. You furiously retaliate!
You headbutt the hornet. The hornet closely misses you.
You barely miss the hornet.
The hornet is moderately wounded.
You feel yourself speed up. The hornet stings you.
You feel yourself slow down. The hornet misses you. The hornet stings you!
* * * LOW HITPOINT WARNING * * *
You are poisoned.
You feel as though you will be slow longer.
You closely miss the hornet. Your headbutt misses the hornet.
The hornet is moderately wounded.
You feel very sick. The hornet stings you!
* * * LOW HITPOINT WARNING * * *
You feel as though you will be slow longer.
The hornet stings you.
* * * LOW HITPOINT WARNING * * *
You feel as though you will be slow longer.
You feel better. The hornet stings you!
* * * LOW HITPOINT WARNING * * *
You feel as though you will be slow longer.
The hornet stings you.
* * * LOW HITPOINT WARNING * * *
You feel as though you will be slow longer.
The hornet stings you!
You die...

###...#.## .....
##...###..##.... o.
##..### ##.#.... # )#
......# #.#.#.# .#o# #
≈≈~≈≈.# #...#.# .o.##.#
≈...≈.# #..##.#####.....
~.∩.(.####.............
≈.>.≈(.#...###.)####)#
≈≈~≈≈(..........@y.).#####
.........##...#####......#
.##.###.####### #.####.#
###.# #.# #.# #.###.## #.#
#...... #.# ##...# #.# #
###...# ###.# ###.....#
##...#


You could see a hornet.

Vanquished Creatures
  A hornet (D:8)
  Prince Ribbit (D:7)
  3 humans (Bailey)
  A steam dragon (D:7)
  2 water moccasins
  An orc warrior (Bailey)
  2 ice beasts
  2 ogres
  Pargi (Sewer)
  A centaur (D:6)
  A phantom (D:6)
  A kobold brigand (D:7)
  7 bullfrogs
  2 scorpions
  12 wights
  3 howler monkeys
  A hound (D:6)
  A jelly (D:4)
  2 orc priests
  2 sleepcaps
  A gnoll bouda (D:5)
  2 iguanas
  2 orc wizards (D:6)
  Robin (D:3)
  9 adders
  6 gnolls
  3 white imps
  An ufetubus (D:4)
  2 worms
  7 dart slugs
  28 orcs
  11 endoplasms
  2 giant cockroaches
  24 goblins
  9 hobgoblins
  6 jackals
  20 kobolds
  5 quokkas
  8 ball pythons
  8 bats
  3 frilled lizards
  8 rats
213 creatures vanquished.

Vanquished Creatures (others)
  2 plants (D:7)
2 creatures vanquished.

Grand Total: 215 creatures vanquished

Notes
Turn   | Place    | Note
-------+----------+-------------------------------------------
     0 | D:1      | dolemite99 the Minotaur Hunter began the quest for the Orb.
     0 | D:1      | Reached XP level 1. HP: 18/18 MP: 0/0
    74 | D:1      | Found Plog's Distillery.
    96 | D:1      | Found Atomnon's Antique Weapon Emporium.
   239 | D:1      | Reached XP level 2. HP: 25/25 MP: 1/1
   244 | D:1      | Reached skill level 5 in Ranged Weapons
   270 | D:1      | Found Aryen's Magic Scroll Emporium.
   449 | D:1      | Reached XP level 3. HP: 30/30 MP: 2/2
  1043 | D:2      | Reached XP level 4. HP: 37/37 MP: 3/3
  1077 | D:1      | Bought a scroll of teleportation for 39 gold pieces
  1077 | D:1      | Bought a scroll of identify for 26 gold pieces
  1293 | D:3      | Found a transporter.
  1293 | D:3      | Found a transporter.
  1313 | D:3      | Reached skill level 1 in Short Blades
  1371 | D:3      | Found a glowing drain.
  1375 | Sewer    | Entered a sewer
  1381 | Sewer    | Noticed Pargi
  1391 | Sewer    | Killed Pargi
  1392 | Sewer    | Reached XP level 5. HP: 34/42 MP: 4/4
  1736 | D:3      | Noticed Robin
  1879 | D:3      | Killed Robin
  1990 | D:3      | Found a one-way gate to the infinite horrors of the Abyss.
  1990 | D:3      | Noticed oldplebian's ghost (amateur HOCA)
  2001 | D:3      | Noticed an ancient zyme
  2320 | D:1      | Bought a potion of curing for 30 gold pieces
  2320 | D:1      | Bought a potion of lignification for 30 gold pieces
  2320 | D:1      | Bought a potion of invisibility for 80 gold pieces
  2482 | D:4      | Reached XP level 6. HP: 50/50 MP: 5/5
  2545 | D:4      | Found a staircase to the Ecumenical Temple.
  2708 | Temple   | Entered the Ecumenical Temple
  2845 | Temple   | Became a worshipper of Ashenzari the Shackled
  2997 | D:1      | Bought 2 scrolls of identify for 52 gold pieces
  3608 | D:5      | Entered Level 5 of the Dungeon
  3613 | D:5      | Reached XP level 7. HP: 56/56 MP: 6/6
  5506 | D:6      | Reached XP level 8. HP: 62/62 MP: 7/7
  5776 | D:6      | Reached skill level 5 in Fighting
  7129 | D:7      | Noticed Prince Ribbit
  7139 | D:7      | Killed Prince Ribbit
  7146 | D:7      | Reached XP level 9. HP: 79/82 MP: 8/8
  7611 | D:7      | Reached skill level 5 in Dodging
  8023 | D:1      | Bought a scroll of blinking for 97 gold pieces
  8023 | D:1      | Bought a scroll of poison for 52 gold pieces
  8204 | D:8      | Found a flagged portal.
  8219 | Bailey   | Entered a bailey
  8946 | Bailey   | Noticed a vault guard
  9187 | D:8      | Paralysed by a hornet for 3 turns
  9518 | D:8      | Reached XP level 10. HP: 91/91 MP: 9/9
  9546 | D:8      | Paralysed by a hornet for 2 turns
  9552 | D:8      | HP: 4/91 [hornet (1)]
  9553 | D:8      | Demolished by a hornet

Illustrated notes

Levels and vault maps discovered:
D:1:      minmay_arrival_shattered_statue, layout_rooms, serial_shops,
          nicolae_shop_stone, nicolae_shop_window_shopping, nicolae_square_shop
D:2:      layout_rooms, minmay_misc_feat_square
D:3:      layout_basic, gammafunk_ghost_abyssal_escape,
          lightli_sewer_entry_pipes, uniq_robin
D:4:      layout_loops_cross, minmay_temple_entry_tees, minmay_liquid_box
D:5:      layout_basic
D:6:      layout_rooms
D:7:      layout_rooms, serial_bayou_pond_b, uniq_prince_ribbit1
D:8:      layout_rooms, gammafunk_temple_overflow_elements, enter_bailey_5
Temple:   compressed_dpeg_triangle_lava_temple

Skill      XL: |  1  2  3  4  5  6  7  8  9 |
---------------+----------------------------+-----
Ranged Weapons | 5 6 7 8 9 |  9.7
Short Blades   | 2 3 |  3.6
Long Blades    | 2 4 |  4.0
Fighting       | 8 9 |  9.3
Dodging        | 9 |  9.0
Stealth        | |  0.7

Action                     |  1- 3 |  4- 6 |  7- 9 | 10-12 || total
---------------------------+-------+-------+-------+-------++-------
  Melee: Dagger            |       |    11 |       |       ||    11
         Headbutt          |       |     2 |     9 |     1 ||    12
         Punch             |       |     1 |     1 |     1 ||     3
         Falchion          |       |     3 |    50 |       ||    53
         Unarmed           |       |       |     9 |       ||     9
         Scimitar          |       |       |    32 |     6 ||    38
   Fire: Shortbow          |   103 |   170 |   194 |       ||   467
         Arbalest          |       |       |    45 |     7 ||    52
 Invoke: Curse Item        |       |       |     1 |       ||     1
  Evoke: Wand              |       |       |     3 |       ||     3
    Use: Scroll            |     1 |    18 |     4 |       ||    23
         Potion            |       |       |     3 |     1 ||     4
   Stab: Invisible         |       |       |     3 |       ||     3
 Armour: Leather armour    |    12 |    38 |    26 |     1 ||    77
         Skin              |       |       |    18 |       ||    18
  Dodge: Dodged            |    28 |    83 |   143 |     7 ||   261

Table legend: (Time is in decaauts)
 A = Elapsed time spent in this place.
 B = Non-inter-level travel time spent in this place.
 C = Inter-level travel time spent in this place.
 D = Time resting spent in this place.
 E = Time spent auto-exploring this place.
 F = Levels seen in this place.
 G = Mean time per level.
                   A        B        C        D        E       F      G
               +--------+--------+--------+--------+--------+-----+--------+
         Total |   9684 |   8724 |    960 |   4056 |   2674 |  11 |  880.4 |
       Dungeon |   8597 |   7649 |    948 |   3478 |   2549 |   8 | 1074.6 |
        Temple |    150 |    138 |     12 |      0 |      0 |   1 |  150.0 |
         Sewer |    160 |    160 |      0 |      0 |     97 |   1 |  160.0 |
        Bailey |    776 |    776 |      0 |    578 |     28 |   1 |  776.0 |
               +--------+--------+--------+--------+--------+-----+--------+

Top non-repeatable levels by time:
     D:6: 1865 daAuts
     D:5: 1510 daAuts
     D:3: 1014 daAuts
     D:4: 1002 daAuts
     D:7: 966 daAuts
     D:1: 875 daAuts
  Bailey: 776 daAuts
     D:2: 707 daAuts
     D:8: 655 daAuts
   Sewer: 160 daAuts
  Temple: 150 daAuts
